Map: [ESL] Babylon

Players

ForJumy

  • Race: Protoss Protoss
  • Spawn Location: 5:00

Spatz - Winner!

  • Race: Protoss Protoss
  • Spawn Location: 11:00

Event: ESL SC2 Masters 2023 Summer (Regionals)

VOD

Have the link to the VOD?

Description

Time

  • Played on: May 11, 2023, 10:30 a.m.
  • Length: 13:33

All games in this series

Show
View Real Time Build Order
Export as new Build Order

ForJumy Protoss 

Build Orders: Blink Stalkers 

Get SALT Encoding   

  12  0:00  Probe  
  13  0:12  Probe  
  14  0:16  Pylon  
  14  0:24  Probe  
  15  0:34  Gateway  
  15  0:38  Probe (Chrono Boost)  
  16  0:46  Probe (Chrono Boost)  
  16  0:47  Assimilator  
  17  0:52  Probe  
  17  0:56  Assimilator  
  18  1:04  Probe (Chrono Boost)  
  18  1:10  Gateway  
  19  1:16  Probe (Chrono Boost)  
  20  1:25  Probe (Chrono Boost), Cybernetics Core  
  21  1:34  Probe  
  21  1:37  Pylon  
  22  1:46  Probe  
  23  1:58  Probe  
  24  2:03  Pylon, Stalker  
  24  2:05  Adept  
  24  2:06  Warp Gate (Chrono Boost)  
  28  2:13  Probe  
  29  2:25  Probe, Pylon  
  30  2:33  Stalker  
  32  2:39  Probe  
  32  2:49  Shield Battery  
  32  2:51  Probe  
  33  2:52  Pylon  
  33  2:55  Shield Battery  
  33  3:05  Twilight Council  
  32  3:15  Probe  
  33  3:31  Nexus  
  31  3:35  Pylon  
  31  3:40  Pylon  
  31  3:42  Blink (Chrono Boost)  
  31  3:53  Probe  
  31  3:55  Sentry x2  
  36  4:05  Probe  
  36  4:07  Forge  
  37  4:13  Phoenix  
  37  4:17  Probe  
  37  4:19  Stalker  
  40  4:24  Stalker  
  40  4:29  Probe  
  41  4:41  Protoss Ground Weapons Level 1 (Chrono Boost)  
  41  4:45  Probe (Chrono Boost)  
  42  4:46  Probe (Chrono Boost)  
  43  4:57  Probe x2 (Chrono Boost), Stalker  
  47  5:03  Probe  
  47  5:04  Stalker  
  47  5:06  Probe  
  51  5:11  Gateway  
  51  5:15  Probe  
  51  5:16  Shield Battery  
  51  5:18  Probe  
  51  5:26  Gateway  
  51  5:27  Probe  
  52  5:30  Probe  
  53  5:38  Stalker x2  
  53  5:39  Probe  
  53  5:42  Probe  
  59  5:48  Pylon  
  59  5:51  Probe  
  59  5:54  Probe  
  60  5:57  Gateway  
  60  6:03  Probe  
  61  6:06  Probe  
  61  6:07  Stalker x2  
  66  6:15  Probe  
  66  6:16  Assimilator  
  68  6:18  Probe  
  68  6:24  Stalker  
  70  6:27  Pylon  
  70  6:30  Protoss Ground Weapons Level 2 (Chrono Boost)  
  70  6:32  Pylon  
  70  6:45  Stalker x3  
  76  6:53  Stalker x2  
  76  7:04  Nexus  
  76  7:11  Stalker  
  73  7:16  Stalker  
  65  7:27  Stalker x2  
  65  7:29  Probe  
  67  7:30  Probe  
  67  7:36  Adept x2  
  71  7:41  Probe  
  72  7:51  Robotics Facility  
  72  7:54  Stalker x2  
  72  7:55  Probe  
  76  8:01  Stalker  
  77  8:07  Probe  
  77  8:10  Probe  
  77  8:11  Charge  
  73  8:21  Pylon  
  69  8:33  Probe (Chrono Boost)  
  66  8:38  Observer (Chrono Boost)  
  66  8:40  Pylon  
  60  8:42  Probe (Chrono Boost)  
  60  8:43  Probe (Chrono Boost)  
  60  8:45  Probe (Chrono Boost)  
  60  8:47  Dark Shrine  
  63  8:52  Probe (Chrono Boost)  
  63  8:54  Probe x2 (Chrono Boost)  
  63  8:57  Probe (Chrono Boost)  
  63  9:01  Probe  
  63  9:02  Probe  
  64  9:09  Probe (Chrono Boost)  
  64  9:14  Probe (Chrono Boost)  
  64  9:16  Probe (Chrono Boost)  
  66  9:21  Probe (Chrono Boost), Stalker x2  
  71  9:26  Probe (Chrono Boost)  
  71  9:30  Probe (Chrono Boost)  
  74  9:31  Probe x2 (Chrono Boost)  
  75  9:43  Stalker x3  
  75  9:49  Probe  
  75  9:50  Pylon  
  72  9:59  Dark Templar  
  74  10:00  Dark Templar  
  74  10:06  Probe (Chrono Boost)  
  76  10:09  Probe (Chrono Boost)  
  75  10:18  Probe (Chrono Boost)  
  67  10:32  Stalker x4  
  57  10:47  Stalker  
  51  11:09  Stalker  
  40  11:12  Nexus  
  39  12:18  Observer  
  39  12:22  Observer  
  37  12:24  Observer  
  37  12:44  Observer  
Show
View Real Time Build Order
Export as new Build Order

Spatz Protoss - Winner!

Build Orders: Oracle Opening 

Get SALT Encoding   

  12  0:00  Probe  
  13  0:12  Probe  
  14  0:18  Pylon  
  14  0:24  Probe (Chrono Boost)  
  15  0:36  Probe (Chrono Boost)  
  15  0:38  Gateway  
  16  0:44  Probe (Chrono Boost)  
  16  0:47  Assimilator  
  17  0:51  Probe  
  18  1:03  Probe (Chrono Boost)  
  19  1:08  Pylon  
  19  1:10  Assimilator  
  19  1:15  Probe (Chrono Boost)  
  20  1:20  Probe (Chrono Boost)  
  21  1:26  Cybernetics Core  
  21  1:29  Probe  
  22  1:34  Zealot  
  24  1:41  Probe  
  25  1:53  Probe  
  26  2:01  Adept (Chrono Boost)  
  26  2:03  Stargate  
  26  2:05  Probe  
  29  2:10  Pylon  
  29  2:17  Warp Gate  
  29  2:18  Probe  
  30  2:24  Pylon  
  30  2:29  Stalker  
  32  2:49  Oracle (Chrono Boost)  
  35  2:56  Probe  
  36  2:58  Shield Battery  
  36  3:09  Probe, Shield Battery  
  36  3:12  Pylon  
  37  3:14  Shield Battery  
  36  3:28  Oracle (Chrono Boost)  
  38  3:37  Nexus  
  38  3:44  Twilight Council  
  38  3:50  Stalker  
  38  3:53  Probe  
  41  4:05  Probe  
  41  4:08  Pylon  
  42  4:12  Gateway  
  42  4:17  Probe  
  42  4:19  Blink (Chrono Boost)  
  42  4:29  Probe  
  43  4:37  Stalker  
  45  4:44  Probe (Chrono Boost)  
  46  4:49  Probe (Chrono Boost)  
  47  4:58  Probe (Chrono Boost)  
  48  5:02  Probe (Chrono Boost)  
  48  5:03  Nexus  
  48  5:06  Probe  
  50  5:11  Pylon  
  50  5:13  Probe  
  51  5:18  Probe  
  52  5:22  Stalker x2  
  52  5:25  Probe  
  57  5:28  Pylon  
  57  5:30  Probe  
  58  5:35  Gateway  
  58  5:40  Gateway  
  58  5:42  Probe  
  59  5:46  Probe  
  60  5:54  Probe, Stalker x2  
  65  5:58  Probe  
  65  6:02  Pylon  
  66  6:06  Probe  
  66  6:07  Dark Shrine  
  66  6:10  Probe  
  68  6:12  Pylon  
  68  6:17  Stalker  
  68  6:18  Probe, Stalker  
  72  6:23  Robotics Facility  
  71  6:27  Shield Battery  
  71  6:28  Probe  
  71  6:30  Stalker  
  71  6:35  Probe  
  71  6:38  Shield Battery  
  73  6:41  Stalker x2  
  73  6:45  Stalker  
  73  6:46  Probe  
  79  6:47  Probe  
  79  6:48  Probe  
  77  6:58  Probe  
  77  6:59  Probe  
  77  7:00  Probe  
  75  7:03  Pylon  
  75  7:05  Gateway  
  75  7:07  Stalker, Assimilator  
  77  7:13  Stalker  
  73  7:19  Stalker x2  
  69  7:23  Probe  
  66  7:37  Probe  
  66  7:38  Shield Battery  
  66  7:40  Probe  
  66  7:41  Dark Templar  
  66  7:43  Zealot x3  
  76  7:44  Probe  
  76  7:49  Probe  
  76  7:50  Shield Battery  
  78  7:52  Probe  
  77  8:01  Stalker x3  
  81  8:07  Stalker  
  74  8:22  Probe (Chrono Boost)  
  74  8:24  Stalker x2  
  74  8:26  Probe  
  79  8:30  Probe  
  79  8:33  Probe  
  80  8:36  Stalker x2  
  80  8:38  Probe  
  85  8:42  Probe  
  85  8:45  Probe  
  87  8:54  Stalker x2  
  91  8:57  Pylon  
  91  9:01  Observer (Chrono Boost)  
  92  9:03  Zealot  
  92  9:07  Probe, Pylon  
  92  9:09  Gateway  
  93  9:13  Probe, Assimilator  
  93  9:14  Assimilator  
  94  9:18  Stalker x2  
  94  9:19  Probe  
  94  9:22  Stalker  
  101  9:38  Probe x2  
  97  9:46  Stalker x5  
  97  9:48  Probe  
  106  9:54  Forge, Observer  
  107  10:01  Observer  
  107  10:10  Stalker x2  
  107  10:11  Stalker x3  
  107  10:12  Pylon  
  111  10:31  Stalker  
  111  10:32  Observer (Chrono Boost)  
  111  10:34  Stalker x3  
  111  10:36  Probe  
  94  11:05  Nexus  
  86  11:14  Photon Cannon  
  83  12:05  Photon Cannon  
  83  12:06  Observer  
  71  12:34  Assimilator  
  71  12:43  Cybernetics Core  
  71  13:01  Assimilator  
  71  13:03  Observer  
  71  13:17  Pylon  
  71  13:18  Pylon  
Tags
 
Add a new tag
Caveats
  • Supply blocks, unpowered buildings, or Contaminate may cause inaccurate times.
  • Supply counts are checked every 10 seconds.